 Dungeon Crawl Stone Soup version 0.27-a0-1591-gc56fcc985a (webtiles) character file.

Game seed: 11821533916612631285

2 Majang the Covered (level 1, -2/14 HPs)
             Began as a Tengu Fighter on July 19, 2021.
             Slain by a kobold (13 damage)
             ... on level 1 of the Dungeon.
             The game lasted 00:00:34 (93 turns).

Majang the Covered (Tengu Fighter)                    Turns: 93, Time: 00:00:35

Health: -2/14      AC:  9    Str: 16    XL:     1   Next: 30%
Magic:  2/2        EV:  4    Int:  8    God:
Gold:   0          SH:  9    Dex: 13    Spells: 0/0 levels left

rFire    . . .     SeeInvis .   a - +0 long sword
rCold    . . .     Faith    .   c - +0 kite shield
rNeg     . . .     Spirit   .   e - +0 chain mail
rPois    .         Reflect  .   (helmet restricted)
rElec    .         Harm     .   (no cloak)
rCorr    .         Rampage  .   (no gloves)
Will     .....                  (boots unavailable)
Stlth    ..........             (no amulet)
HPRegen  0.04/turn              (no ring)
MPRegen  0.08/turn              (no ring)

@: no status effects
A: beak, talons 3
a: no special abilities


You were on level 1 of the Dungeon.
You visited 1 branch of the dungeon, and saw 1 of its levels.

Inventory:

Hand Weapons
 a - a +0 long sword (weapon)
Armour
 b - a +0 scale mail
 c - a +0 kite shield (worn)
 e - a +0 chain mail (worn)
Potions
 d - a potion of might
 f - a potion of berserk rage {unknown}


   Skills:
 + Level 3.0 Fighting
 * Level 2.3 Long Blades
 - Level 3.2 Armour
 - Level 3.0 Shields


You couldn't memorise any spells.
You didn't know any spells.
Your spell library was empty.

Dungeon Overview and Level Annotations

Branches:
Dungeon (1/15)

Altars:


Innate Abilities, Weirdness & Mutations

You have a beak for a mouth.
You have claws for feet.


Message History

Found a chain mail.
Found a staircase leading out of the dungeon.
Found a fuming grey potion.
Found an escape hatch in the floor.
You see here a +0 chain mail.
e - a +0 chain mail You don't know any spells.
You start removing your armour.
You continue taking off your +0 scale mail. x4
You finish taking off your +0 scale mail.
You start putting on your armour.
You continue putting on your +0 chain mail. x5
You finish putting on your +0 chain mail.
f - a fuming grey potion 2 goblins come into view.
The goblin shouts! x2; You hear a shout!
The goblin moves out of view.
Found a leather armour.
You slash the goblin!
You kill the goblin!
You barely miss the goblin. You block the goblin's attack.
The goblin hits you but does no damage.
You slash the goblin!
You kill the goblin!
Things that are here:
a +0 club; a +0 dagger; a goblin corpse A kobold comes into view.
It is wielding a +2 dagger of electrocution.
The kobold shouts!
The kobold hits you but does no damage.
You hit the kobold but do no damage. Your peck misses the kobold.
You block the kobold's attack.
You completely miss the kobold. You claw the kobold, but do no damage.
The kobold hits you with a +2 dagger of electrocution.
The kobold hits you but does no damage.
You barely miss the kobold. The kobold hits you but does no damage.
You hit the kobold. You peck the kobold, but do no damage.
The kobold is severely wounded.
The kobold hits you but does no damage.
You are electrocuted!
Ouch! That really hurt!
You die...

.# # ##.#.# +...#.###
#......... ♣♣♣♣ ####♣
#......... ..P♣ ♣...#
#......... ♣P.♣♣♣.#.♣
♣#K.......[ ♣♣P..♣.#.#
#@......... ♣♣....#.#
♣.♣.♣......
♣..♣.#.#######..........
♣♣.♣.#....)..♣.♣.♣......
#...#######.......#####
#...# ##♣#♣#♣## #...#
#####


You could see a kobold.

Vanquished Creatures
  2 goblins (D:1)
2 creatures vanquished.

Notes
Turn   | Place    | Note
-------+----------+-------------------------------------------
     0 | D:1      | Majang the Tengu Fighter began the quest for the Orb.
     0 | D:1      | Reached XP level 1. HP: 14/14 MP: 2/2
    93 | D:1      | Slain by a kobold

Illustrated notes

Levels and vault maps discovered:
D:1:      minmay_arrival_five_plusses, layout_basic, serial_forest,
          infiniplex_forest_corner_2, infiniplex_forest_lined_room_2,
          infiniplex_forest_lined_room_2, infiniplex_forest_clump_double,
          infiniplex_forest_clump_small, infiniplex_forest_straight_1,
          infiniplex_forest_lined_room_, hangedman_abyss_or_decor_lesser_grid,
          grunt_decor_resistance

Action                   || total
-------------------------++-------
Melee: Long sword        ||     7
       Kick              ||     1
       Peck              ||     1
Armor: Chain mail        ||     5
Block: Kite shield       ||     2

Table legend: (Time is in decaauts)
 A = Elapsed time spent in this place.
 B = Non-inter-level travel time spent in this place.
 C = Inter-level travel time spent in this place.
 D = Time resting spent in this place.
 E = Time spent auto-exploring this place.
 F = Levels seen in this place.
 G = Mean time per level.
                   A        B        C        D        E       F      G
               +--------+--------+--------+--------+--------+-----+--------+
         Total |     96 |     96 |      0 |      0 |     47 |   1 |   96.0 |
       Dungeon |     96 |     96 |      0 |      0 |     47 |   1 |   96.0 |
               +--------+--------+--------+--------+--------+-----+--------+

Top non-repeatable levels by time:
     D:1: 96 daAuts
